[Event "Team 45 45 League T29"]
[Site "Free Internet Chess Server"]
[Date "2006.01.14"]
[Round "4"]
[White "NBZ"]
[Black "JBFelo"]
[Result "0-1"]
[WhiteElo "2001"]
[BlackElo "1967"]
[TimeControl "2700+45"]

1. d4 Nf6 2. c4 e6 3. Nc3 c5 4. d5 exd5 5. cxd5 d6 6. Nf3 g6 7. e4 Bg7 8. Be2 O-O 9. O-O Bg4 10. h3 Bxf3 11. Bxf3 Nbd7 12. Qc2 a6 13. a4 Rb8 14. Be2 Re8 15. Re1 Qc7 16. a5 c4 17. Ra4 Rbc8 18. Be3 Qd8 19. Bxc4 Nc5 20. Bxc5 Rxc5 21. Rea1 Nd7 22. Bf1 Qg5 23. Rc4 Rxc4 24. Bxc4 Rc8 25. Be2 Bd4 26. Rd1 Qf6 27. Bg4 Rc7 28. Bxd7 Rxd7 29. Qd2 Be5 30. g3 Rc7 31. Na4 Qf3 32. Qd3 Qh5 33. Kg2 Bg7 34. Rd2 Qe5 35. Rc2 Qe7 36. b4 Rxc2 37. Qxc2 Bd4 38. Nb2 Bxb2 39. Qxb2 Qxe4+ 40. Kh2 Qxd5 41. Qf6 Qc6 42. Qd4 d5 43. Kg1 Qc1+ 44. Kg2 Qc6 45. Kg1 Qe6 46. h4 Qe1+ 47. Kh2 Qe4 48. Qd2 d4 49. f3 Qd5 50. Qd3 Qd6 51. Qd2 d3 52. Kg2 Qd4 53. Kf1 h5 54. Kg2 Kf8 55. f4 f5 56. Kf3 Ke7 57. Qe3+ Qe4+ 58. Kf2 Kd7 59. Qb6 d2 60. Qxg6 d1=Q 61. Qf7+ Kc6 62. Qf6+ Kb5 63. Qb6+ Ka4   {White resigns} 0-1

[Event "Team 45 45 League T29"]
[Site "Free Internet Chess Server"]
[Date "2006.01.14"]
[Round "4"]
[White "noHz"]
[Black "ButiOxa"]
[Result "1-0"]
[WhiteElo "1905"]
[BlackElo "1806"]
[TimeControl "2700+45"]

1. e4 e5 2. Nf3 Nc6 3. Bb5 a6 4. Ba4 Nf6 5. O-O Be7 6. Qe2 b5 7. Bb3 d6 8. h3 Na5 9. c3 Nxb3 10. axb3 Bb7 11. d3 Nd7 12. Be3 O-O 13. g4 d5 14. exd5 Bxd5 15. c4 Bb7 16. Nc3 c6 17. Ne4 Qc7 18. Ng3 Rfe8 19. Nf5 Bf8 20. Nd2 c5 21. Ne4 Qc6 22. f3 b4 23. Qf2 Qc7 24. Rfd1 Rad8 25. Kg2 g6 26. Nfg3 f6 27. h4 Be7 28. h5 Rf8 29. hxg6 hxg6 30. Rh1 f5 31. gxf5 gxf5 32. Nxf5 Rxf5 33. Qg3+   {Black resigns} 1-0

[Event "Team 45 45 League T29"]
[Site "Free Internet Chess Server"]
[Date "2006.01.16"]
[Round "4"]
[White "threeNT"]
[Black "jestrada"]
[Result "0-1"]
[WhiteElo "1703"]
[BlackElo "1815"]
[TimeControl "2700+45"]

1. e4 Nf6 2. e5 Nd5 3. d4 d6 4. Nf3 Bg4 5. Be2 Nc6 6. O-O e6 7. c4 Nb6 8. exd6 cxd6 9. Nc3 Be7 10. b3 O-O 11. a3 Bf6 12. Be3 Rc8 13. Rc1 Qc7 14. Nb5 Qb8 15. d5 Bxf3 16. Bxf3 exd5 17. cxd5 Ne5 18. Be4 Rxc1 19. Qxc1 Rc8 20. Nc3 Qc7 21. Nb5 Qb8 22. Qb1 g6 23. Rc1 Rxc1+ 24. Qxc1 Nc8 25. a4 a6 26. Nc7 Ne7 27. b4 Bg7 28. b5 Qc8 29. b6 Qg4 30. f3 Qd7 31. a5 Nf5 32. Bf4 Nd4 33. Kf2 Qa4 34. Qd2 Nc4 35. Qe1 Qa2+ 36. Kg3 Ne2+ 37. Kh3 Nxf4+ 38. Kg4 Qxg2+ 39. Kxf4 Be5#   {White checkmated} 0-1

[Event "Team 45 45 League T29"]
[Site "Free Internet Chess Server"]
[Date "2006.01.13"]
[Round "4"]
[White "zcomcon"]
[Black "FusterCluck"]
[Result "1/2-1/2"]
[WhiteElo "1703"]
[BlackElo "1733"]
[TimeControl "2700+45"]

1. e4 c6 2. d4 d5 3. e5 c5 4. c3 cxd4 5. cxd4 Nc6 6. Nf3 Bg4 7. Be2 e6 8. O-O Nge7 9. Nbd2 Nf5 10. h3 Bxf3 11. Nxf3 Be7 12. b3 O-O 13. g4 Nh4 14. Nxh4 Bxh4 15. Ba3 Re8 16. Bb5 Qa5 17. Bxc6 bxc6 18. Bc5 Qc3 19. Kg2 Qa5 20. Qd3 Be7 21. Rfc1 Rac8 22. Rc2 h6 23. Bxe7 Rxe7 24. Rc5 Qb6 25. Rac1 Rec7 26. Qc3 a6 27. Qa5 Qb7 28. b4 f6 29. f4 fxe5 30. fxe5 Rf7 31. R1c2 Rf4 32. Rd2 Rcf8 33. Qa4 Qf7 34. Qc2 Rf1 35. Rc3 Qf4 36. a4 h5 37. gxh5 Rf3 38. Rxf3 Qxf3+ 39. Kh2 Qf4+ 40. Kg2 Qg5+ 41. Kh2 Qf4+ 42. Kg2 Qf3+ 43. Kh2 Qf4+   {Game drawn by repetition} 1/2-1/2

[Event "Team 45 45 League T29"]
[Site "Free Internet Chess Server"]
[Date "2006.01.13"]
[Round "4"]
[White "DreadPirateJosh"]
[Black "fernbap"]
[Result "0-1"]
[WhiteElo "1702"]
[BlackElo "1759"]
[TimeControl "2700+45"]

1. e4 c5 2. d4 e6 3. dxc5 Bxc5 4. Nc3 a6 5. Nf3 Nc6 6. Be2 Qc7 7. a3 Nge7 8. Bg5 b5 9. O-O h6 10. Bh4 Ng6 11. Bg3 Qb6 12. Re1 Nd4 13. Nxd4 Bxd4 14. Bh5 Ne5 15. Bxe5 Bxe5 16. Kh1 O-O 17. Re3 f5 18. exf5 Bxc3 19. Rxc3 Rxf5 20. f3 Rxh5   {White resigns} 0-1

[Event "Team 45 45 League T29"]
[Site "Free Internet Chess Server"]
[Date "2006.01.14"]
[Round "4"]
[White "TGV"]
[Black "dzonson"]
[Result "0-1"]
[WhiteElo "1787"]
[BlackElo "1825"]
[TimeControl "2700+45"]

1. d4 Nf6 2. c4 e6 3. Nc3 Bb4 4. Qc2 c5 5. e3 Nc6 6. Bd3 cxd4 7. exd4 Nxd4 8. Qd2 Nc6 9. Nge2 Ne5 10. a3 Bc5 11. O-O Nfg4 12. Nf4 Qh4 13. h3 Qg3 14. Rd1 Nf3+   {White resigns} 0-1

[Event "Team 45 45 League T29"]
[Site "Free Internet Chess Server"]
[Date "2006.01.16"]
[Round "4"]
[White "twotowers"]
[Black "MGoo"]
[Result "0-1"]
[WhiteElo "1647"]
[BlackElo "1822"]
[TimeControl "2700+45"]

1. Nf3 d5 2. g3 Nf6 3. Bg2 c6 4. O-O Bf5 5. d3 h6 6. Nbd2 e6 7. b3 Nbd7 8. Bb2 Be7 9. Re1 O-O 10. e4 Bg4 11. h3 Bh5 12. g4 Bg6 13. e5 Nh7 14. Qe2 Ng5 15. Nh2 Nc5 16. f4 Qb6 17. d4 Nge4 18. Nxe4 Nxe4 19. Nf3 c5 20. Kh2 Rac8 21. a4 c4 22. Reb1 cxb3 23. cxb3 Nc3 24. Bxc3 Bxb1   {White resigns} 0-1

[Event "Team 45 45 League T29"]
[Site "Free Internet Chess Server"]
[Date "2006.01.14"]
[Round "4"]
[White "Galleta"]
[Black "xplan"]
[Result "0-1"]
[WhiteElo "1593"]
[BlackElo "1510"]
[TimeControl "2700+45"]

1. b3 e5 2. Bb2 Nc6 3. e4 Nf6 4. Nf3 Nxe4 5. Nxe5 Bc5 6. d4 Bb6 7. Nxc6 dxc6 8. Bc4 O-O 9. O-O Qg5 10. Qf3 Nf6 11. Bc1 Qg6 12. c3 Bg4 13. Qf4 Nh5 14. Qg5 Qxg5 15. Bxg5 h6 16. Be7 Rfe8 17. Re1 Be6 18. Nd2 Rxe7 19. Re5 Nf6 20. Rae1 Rae8 21. Nf3 a6 22. Nh4 Kf8 23. Bxe6 Rxe6 24. Ng6+ Kg8 25. Rxe6 Rxe6 26. Ne5 Ng4 27. Nf3 Rxe1+ 28. Nxe1 c5 29. d5 c4 30. bxc4   {White resigns} 0-1